[Event "*** Titled Tuesday 3|2 Blitz"]
[Site "Chess.com"]
[Date "2017.06.06"]
[Round "4"]
[White "Noukii"]
[Black "DryCounty"]
[Result "1-0"]
[WhiteElo "2620"]
[BlackElo "2467"]
[TimeControl "180+2"]
[EndTime "14:39:58 PDT"]
[Termination "Noukii won on time"]

1. d4 Nf6 2. Nf3 g6 3. Bg5 Bg7 4. c3 O-O 5. Nbd2 d6 6. e4 c5 7. dxc5 dxc5 8. Be2 Nc6 9. O-O h6 10. Be3 b6 11. h3 Bb7 12. Re1 Nd7 13. Qc2 Nde5 14.
Nxe5 Nxe5 15. f4 Nc6 16. Rad1 Qc7 17. e5 Na5 18. Nf3 e6 19. h4 h5 20. Ng5 Rfe8 21. Bd3 Bh6 22. Ne4 Bxe4 23. Bxe4 Rad8 24. g3 Rxd1 25.
Rxd1 Rd8 26. b3 Rxd1+ 27. Qxd1 Bf8 28. g4 Qe7 29. Bf2 Bh6 30. Qf3 hxg4 31. Qxg4 Kf8 32.
Be3 Bg7 33. Bf2 Nb7 34. Kf1 Nd8 35. Ke2 Qd7 36. h5 gxh5 37. Qxh5 Nc6 38. Bh4 Ne7 39.
Bf6 Ng8 40. Bg5 f6 41. Bh4 fxe5 42. fxe5 Qf7 43. Qg4 Ne7 44. Bg3 Nf5 45. Bf4 Nh6 46.
Qf3 Nf5 47. Qd3 Qe7 48. Bxf5 exf5 49. Qxf5+ Qf7 50. Qc8+ Qe8 51. Qc7 Qe6 52. Qd8+ Kf7 53. Qg5 Bf8 54. Ke3 c4 55. b4 a5 56. a3 axb4 57. axb4 Be7 58. Qh5+ Qg6 59. Qxg6+ Kxg6 60. Ke4 Bf8 61. e6 Kf6 62. Kd5 b5 63. Be5+ Kf5 64.
Bd6 1-0

[Event "*** Titled Tuesday 3|2 Blitz"]
[Site "Chess.com"]
[Date "2017.06.06"]
[Round "4"]
[White "the_drake"]
[Black "FearlessKing64"]
[Result "0-1"]
[WhiteElo "2132"]
[BlackElo "2154"]
[TimeControl "180+2"]
[EndTime "14:40:09 PDT"]
[Termination "FearlessKing64 won by resignation"]

1. e4 c5 2. Nf3 d6 3. d4 cxd4 4.
Nxd4 Nf6 5. Nc3 a6 6. Be3 e5 7.
Nf3 Qc7 8. Qd2 Be7 9. b3 O-O 10.
Bc4 Nbd7 11. Nd5 Nxd5 12. Bxd5 Nf6 13. c4 Nxd5 14. cxd5 f5 15. Rc1 Qd8 16. exf5 Bxf5 17. O-O Rc8 18. Bg5 h6 19. Bxe7 Qxe7 20. Rfe1 Bg4 21.
Nd4 Qf7 22. Nc2 Qg6 23. Ne3 Bf3 24. Rxc8 Rxc8 25. Rc1 Rxc1+ 26. Qxc1 Kh7 27. h3 Be4 28. Kh2 Qf7 29. Qd2 Qf4+ 30. Kg1 Qf7 31. f3 Bf5 32. Qb4 Bb1 33. Qxd6 Qf4 34. Kf2 Qd4 35. Qe6 Qd2+ 36.
Kg3 Qxe3 37. d6 Qf4+ 38. Kf2 Bf5 39. Qe7 e4 40. Kg1 exf3 41. gxf3 Qxf3 42. d7 Qd1+ 43. Kh2 Qxd7 44. Qe5 Qe6 45. Qc7 Qe2+ 46. Kg3 Qe3+ 47. Kh2 Qxh3+ 48. Kg1 Be4 49. Kf2 Qf3+ 50. Ke1 Bd3 51.
Qe5 Qe4+ 52. Qxe4+ Bxe4 0-1

[Event "*** Titled Tuesday 3|2 Blitz"]
[Site "Chess.com"]
[Date "2017.06.06"]
[Round "4"]
[White "anon102030"]
[Black "DanielNaroditsky"]
[Result "0-1"]
[WhiteElo "2582"]
[BlackElo "2755"]
[TimeControl "180+2"]
[EndTime "14:40:13 PDT"]
[Termination "DanielNaroditsky won on time"]

1. e4 c6 2. d3 d5 3. Nd2 e5 4. Ngf3 Bd6 5. d4 exd4 6. exd5 Nf6 7.
dxc6 Nxc6 8. Nb3 O-O 9. Be2 Re8 10. O-O Bg4 11. h3 Bh5 12. Nbxd4 Ne4 13. Nxc6 bxc6 14.
Be3 Qf6 15. Qd4 Qe7 16. Qc4 Nxf2 17. Bxf2 Qxe2 18. Qxe2 Rxe2 19. Nd4 Re4 20. Nxc6 Rc4 21. Nd4 Bg6 22. c3 Rb8 23. Nb3 a6 24. Rad1 Bf8 25.
Rd4 Rc6 26. Rd2 h5 27. Rfd1 Be7 28. Nd4 Rc4 29. Nb3 Ra4 30. Nc5 Rxa2 31. b4 Ra3 32. Nd7 Rc8 33. Bd4 h4 34. Ne5 Bh5 35. Rf1 Bg5 36.
Rdf2 f6 37. Nf3 Bf4 38. Re2 Bg3 39. Re7 Ra2 40. Bc5 Bxf3 41. Rxf3 a5 42. Rf1 a4 43. Ra7 Re8 44. Re7 Rd8 45. Bd4 a3 46. Rd1 Rb2 47. Ra7 a2 48. Kf1 Re8 49. c4 Rd2 0-1

[Event "*** Titled Tuesday 3|2 Blitz"]
[Site "Chess.com"]
[Date "2017.06.06"]
[Round "4"]
[White "amurdercastle"]
[Black "fidetrainerNET"]
[Result "1-0"]
[WhiteElo "2282"]
[BlackElo "2115"]
[TimeControl "180+2"]
[EndTime "14:40:13 PDT"]
[Termination "amurdercastle won by resignation"]

1. d4 Nf6 2. c4 e6 3. Nf3 d5 4. g3 c5 5. cxd5 exd5 6. Bg2 Nc6 7.
O-O cxd4 8. Nxd4 Bc5 9. Nb3 Bb6 10. Bg5 Be6 11. Bxf6 Qxf6 12. Nc3 Rd8 13. e3 O-O 14.
Nb5 Ne5 15. N5d4 h5 16. h3 h4 17. g4 Nc4 18. Rb1 Qe5 19. Qd3 g6 20. Rfe1 a5 21. f4 Qd6 22. a4 Bd7 23. Nd2 Nxd2 24. Qxd2 Bxa4 25. Qf2 Bc6 26. Rbd1 Qe7 27. f5 g5 28. Rc1 Rc8 29. Qd2 Qe5 30. Nf3 Qe7 31. Kh1 f6 32. Nd4 Qe5 33. Ne6 Rfe8 34. Rcd1 Rxe6 35. fxe6 Rd8 36. Qd3 Kg7 37. Qf5 Rd6 38. e4 Qxf5 39. gxf5 d4 40. e5 fxe5 41. Bxc6 bxc6 42. Rxe5 Rd8 43. e7 Re8 44. Re6 Kf7 45. Rde1 d3 46. Rd6 Rxe7 47. Rxe7+ Kxe7 48. Rxd3 Kf6 49. Rf3 Bd4 50. b3 Ke7 51. Kg2 Bf6 52. Rd3 c5 53.
Kf3 Bd4 54. Kg4 Kf6 55. Rd2 Ke5 56. Re2+ Kd5 57. Re8 c4 58. Rd8+ Ke4 59. bxc4 Bf6 60. Ra8 Kd4 61. Rxa5 Kxc4 62. Ra6 Bd8 63. f6 Kb5 64.
Re6 Kc5 65. f7 1-0

[Event "*** Titled Tuesday 3|2 Blitz"]
[Site "Chess.com"]
[Date "2017.06.06"]
[Round "4"]
[White "IMRosen"]
[Black "H16"]
[Result "0-1"]
[WhiteElo "2228"]
[BlackElo "2279"]
[TimeControl "180+2"]
[EndTime "14:40:14 PDT"]
[Termination "H16 won by resignation"]

1. d4 Nf6 2. Bf4 g6 3. Nc3 d5 4. Qd2 Bg7 5. O-O-O O-O 6. Bh6 c5 7. Bxg7 Kxg7 8. dxc5 Nc6 9. Nf3 Qa5 10. Kb1 Qxc5 11.
e3 Bg4 12. h3 Bxf3 13. gxf3 Rfd8 14. Bd3 Rab8 15. h4 h5 16. f4 e6 17. Rhg1 b5 18. Rg5 b4 19. Ne2 a5 20. Rdg1 Kf8 21. f3 a4 22. Nc1 Qb6 23. Qe2 Ke7 24. Qe1 Qa7 25.
Bxg6 fxg6 26. Rxg6 Rf8 27. R1g5 Rf7 28. Rg7 Rf8 29.
Nd3 b3 30. cxb3 axb3 31. a3 Rxg7 32. Rxg7+ Rf7 33. Rg1 Nd7 34. Qc1 Qb6 35. Rg5 Na5 36.
Rxh5 Nc4 37. Rg5 Nxe3 38. h5 Nc4 39. h6 Qd4 40. Ne5 Ndxe5 41. fxe5 Qd3+ 42. Ka1 Qxf3 43. Rg7 Rxg7 44. hxg7 Qg3 45. a4 Qxg7 46. Qh1 Qxe5 47. Qh4+ Kd7 48. Qf2 Qe3 49. Qf1 Kc6 50. a5 Qd2 51.
Qb1 Qxb2+ 52. Qxb2 Nxb2 53. Kxb2 Kb5 54. Kxb3 Kxa5 55.
Kc3 Kb5 56. Kd4 Kc6 57. Ke5 Kd7 58. Kd4 Kd6 0-1

[Event "*** Titled Tuesday 3|2 Blitz"]
[Site "Chess.com"]
[Date "2017.06.06"]
[Round "4"]
[White "Illingworth"]
[Black "wonderfultime"]
[Result "1/2-1/2"]
[WhiteElo "2711"]
[BlackElo "2649"]
[TimeControl "180+2"]
[EndTime "14:40:18 PDT"]
[Termination "Game drawn - insufficient material"]

1. d4 Nf6 2. c4 e6 3. Nc3 Bb4 4. e3 O-O 5. Bd3 d5 6. cxd5 exd5 7. Ne2 Re8 8. Bd2 Bd6 9. Rc1 c6 10.
O-O Nbd7 11. Ng3 Nf8 12. f3 Ng6 13. Qc2 Bc7 14. Nce2 Bb6 15. b4 Be6 16. a4 a5 17.
b5 Rc8 18. bxc6 bxc6 19. Qb2 c5 20. dxc5 Bxc5 21. Nd4 Bd7 22. Qa2 Ne5 23. Ba6 Nc4 24. Bxc8 Qxc8 25. Rxc4 dxc4 26. Qxc4 Bb6 27. Rc1 Qxc4 28.
Rxc4 Nd5 29. Kf2 g6 30. Nge2 f5 31. Nc1 Rc8 32. Rxc8+ Bxc8 33. Ncb3 Bd7 34. Bxa5 Bxa4 35. Bxb6 Bxb3 36. Nxb3 Nxb6 37. Ke2 Kg7 38. Kd3 Nd5 39.
Kd4 Nb4 40. g3 Kf6 41. Nc5 Nc2+ 42. Kd3 Nb4+ 43. Kc4 Nc6 44. e4 Ne5+ 45. Kd5 Nxf3 46. h3 Ng1 47. h4 Ne2 48. e5+ Ke7 49. Nd3 Nxg3 50. Nb4 f4 51. Nc6+ Ke8 52. Nd4 Nf5 53. Nf3 Ng7 54. Ke4 Ne6 55. Ng5 Ng7 56. Kxf4 h6 57.
Ne4 Ke7 58. Nc5 Ne6+ 59. Nxe6 Kxe6 60. Ke4 g5 61. hxg5 hxg5 62. Kd4 g4 63. Ke4 g3 64. Kf3 Kxe5 65. Kxg3 1/2-1/2

[Event "*** Titled Tuesday 3|2 Blitz"]
[Site "Chess.com"]
[Date "2017.06.06"]
[Round "4"]
[White "Grootneus"]
[Black "Makalexa"]
[Result "0-1"]
[WhiteElo "2053"]
[BlackElo "2195"]
[TimeControl "180+2"]
[EndTime "14:40:51 PDT"]
[Termination "Makalexa won by resignation"]

1. e4 e5 2. Nf3 Nc6 3. Bb5 a6 4.
Ba4 Nf6 5. d3 b5 6. Bb3 Bc5 7. a4 Bb7 8. Bg5 h6 9. Bxf6 Qxf6 10.
axb5 axb5 11. Rxa8+ Bxa8 12. Nc3 b4 13. Nd5 Qd8 14. O-O O-O 15. Qd2 d6 16. Ra1 Qd7 17.
Bc4 Qg4 18. Nxc7 Bb7 19. h3 Qg6 20. Nd5 Kh8 21. Nh4 Qh5 22. Nf5 Nd4 23. Nxd4 Bxd5 24. Bxd5 Bxd4 25. c3 bxc3 26. bxc3 Bb6 27. Ra6 Rb8 28.
Kh2 f5 29. exf5 Qxf5 30. Be4 Qf6 31. Qe2 Bxf2 32. Ra1 Bg3+ 33. Kg1 Bf4 34. Rf1 Qg5 35. c4 Be3+ 36. Kh1 Bd4 37. Qf3 Qf4 38. Qxf4 exf4 39.
Kh2 Be3 40. h4 g5 41. hxg5 hxg5 42. Kh3 Kg7 43. Kg4 Rh8 44. Ra1 Kf6 45. Ra6 Rh4+ 46. Kf3 Ke5 47. Ra5+ Ke6 48. Bd5+ Kf6 49. Be4 g4+ 50.
Ke2 Rh8 51. Rf5+ Ke6 52. Rd5 g3 53. Bf5+ Ke7 54. Be4 Rh1 55. Kf3 Rf1+ 56. Kg4 Rh1 57. Kf3 Rh8 58. Rh5 Rxh5 59. Kg4 Rh8 60. Kf3 Rf8 61. Kg4 Kf6 62. Kf3 Ke5 63. c5 0-1

[Event "*** Titled Tuesday 3|2 Blitz"]
[Site "Chess.com"]
[Date "2017.06.06"]
[Round "4"]
[White "XDPS"]
[Black "andreimacovei2000"]
[Result "1/2-1/2"]
[WhiteElo "2516"]
[BlackElo "2390"]
[TimeControl "180+2"]
[EndTime "14:40:53 PDT"]
[Termination "Game drawn - insufficient material"]

1. e4 c5 2. Nf3 d6 3. Bb5+ Bd7 4.
Bxd7+ Qxd7 5. O-O Nf6 6. Qe2 Nc6 7. c3 e6 8. Rd1 Be7 9. d4 cxd4 10. cxd4 d5 11. e5 Ne4 12. Ne1 f6 13. f3 Ng5 14. Nc3 O-O 15. f4 Nf7 16. Be3 Nh6 17.
Rac1 Nf5 18. Bf2 fxe5 19. dxe5 Rac8 20. Kh1 Na5 21. Nf3 Nc6 22. h3 Qe8 23. g4 Nh6 24.
Bg3 Qf7 25. Rf1 Qg6 26. Rcd1 Rfd8 27. Bh2 b6 28. Nb5 Bc5 29. a3 d4 30. Nh4 d3 31.
Qf3 Qf7 32. Rxd3 a6 33. Nd6 Bxd6 34. exd6 Na5 35. f5 exf5 36. Nxf5 Nxf5 37. Qxf5 Qxf5 38. Rxf5 Rd7 39. b3 b5 40. b4 Nc4 41. Rc5 Rcd8 42. Rc6 Ra8 43. Bg3 Kf7 44. Rc5 Ke6 45. Kh2 Rad8 46. Rc6 Ra8 47. Rc5 h6 48. g5 h5 49. g6 Rad8 50. Rxh5 Nxd6 51. Re5+ Kf6 52. Red5 Ke6 53. Re5+ Kf6 54. Red5 Ke6 55. Bh4 Nf5 56. Rxd7 Rxd7 57. Rxd7 Kxd7 58. Bg5 Ke6 59. h4 Nd4 60. Kh3 Kf5 61. Be3 Nc2 62. Bc1 Kxg6 63. Kg4 Nd4 64.
h5+ Kf7 65. Bb2 Nc6 66. Kf5 a5 67. Bc3 axb4 68. axb4 Ne7+ 69. Ke5 Kg8 70. Ke6 Nc6 71. Kd7 Nxb4 72. Bxb4 Kh7 73. Bd2 g6 74. h6 b4 75.
Bxb4 Kxh6 76. Ke6 g5 77. Bd2 Kg6 78. Bxg5 1/2-1/2

[Event "*** Titled Tuesday 3|2 Blitz"]
[Site "Chess.com"]
[Date "2017.06.06"]
[Round "4"]
[White "GeorgMeier"]
[Black "GMHess"]
[Result "1/2-1/2"]
[WhiteElo "2788"]
[BlackElo "2613"]
[TimeControl "180+2"]
[EndTime "14:40:54 PDT"]
[Termination "Game drawn by agreement"]

1. Nf3 Nf6 2. g3 e6 3. Bg2 d5 4.
O-O Be7 5. c4 O-O 6. d4 dxc4 7.
Qc2 a6 8. a4 Bd7 9. Qxc4 Bc6 10. Bg5 Nbd7 11. Nc3 Nb6 12. Qb3 Nbd5 13. Rfe1 Nxc3 14. bxc3 Bd5 15. c4 Be4 16. Red1 h6 17.
Bf4 Qc8 18. Ne5 Bxg2 19. Kxg2 Rd8 20. Rab1 Rb8 21. Qf3 Rf8 22. h4 Nd7 23. c5 Nf6 24. e4 Qe8 25. a5 Qa4 26. Ra1 Qc2 27. Rd3 Rfd8 28. Rad1 Qa4 29. g4 Qe8 30. Bg3 Nd7 31.
Nc4 Rdc8 32. Rb1 Nf8 33. Rdb3 Qd8 34. d5 exd5 35. exd5 Bxc5 36. Rxb7 Rxb7 37. Rxb7 Ng6 38. h5 Nh4+ 39. Bxh4 Qxh4 40. d6 Qd8 41. dxc7 Rxc7 42. Rxc7 Qxc7 43. Qa8+ Bf8 44. Qd5 Qf4 45. Ne3 Bd6 46. Kf1 Bc7 47. Qa8+ Kh7 48. Qxa6 Qe4 49. Qc4 Qh1+ 50. Ke2 Bxa5 51. Qxf7 Qe1+ 52. Kf3 Qh1+ 53. Kf4 Bc7+ 54. Kf5 Qf3+ 55. Ke6 Qe4+ 56. Kd7 Qd4+ 57. Kc8 Qd8+ 58. Kb7 Qb8+ 59. Kc6 Qb6+ 60.
Kd7 Qd6+ 61. Kc8 Qd8+ 62. Kb7 Qb8+ 63. Kc6 Qb6+ 64. Kd7 Qd6+ 1/2-1/2

[Event "*** Titled Tuesday 3|2 Blitz"]
[Site "Chess.com"]
[Date "2017.06.06"]
[Round "4"]
[White "x-3738459472"]
[Black "GrigorGrigorov"]
[Result "1/2-1/2"]
[WhiteElo "2460"]
[BlackElo "2625"]
[TimeControl "180+2"]
[EndTime "14:40:57 PDT"]
[Termination "Game drawn by agreement"]

1. e4 c5 2. Nc3 Nc6 3. Bb5 Nd4 4.
Nf3 e6 5. Bc4 a6 6. d3 Nf6 7. O-O b5 8. Bb3 Nxb3 9. axb3 Bb7 10. e5 Nd5 11. Ne4 Be7 12. Bd2 f5 13. exf6 Nxf6 14.
Nfg5 O-O 15. c4 Nxe4 16. Nxe4 d5 17. Ng3 dxc4 18. dxc4 Qd3 19. Bc3 bxc4 20. bxc4 Qxc4 21. Re1 Qd5 22. Qxd5 Bxd5 23. Ne4 c4 24. h3 Rf4 25.
f3 Rff8 26. Bd4 Rfd8 27. Rad1 Bb4 28. Nc3 Kf7 29. Bf2 Rd7 30. Rd4 Bxc3 31. bxc3 a5 32.
Ra1 a4 33. Ra3 Rb7 34. Rd1 Rb3 35. Rda1 Bc6 36. Bc5 Rd8 37. Bd4 g5 38. Rxa4 Bxa4 39.
Rxa4 Rc8 40. Ra7+ Kg8 41. Rg7+ Kf8 42. Rxh7 Rc6 43. Rg7 Rb5 44. Ra7 Rd5 45. Kf2 e5 46. Be3 Rd3 47. Ra3 Rg6 48. Bc5+ Ke8 49. Ra8+ Kd7 50.
Ra7+ Kc8 51. Bb4 Rc6 52. Ra5 Rd2+ 53. Kg3 Rb2 54. Rxe5 Rxb4 55. cxb4 c3 56. Re1 c2 57.
Rc1 Rc4 58. f4 gxf4+ 59. Kf3 Kd7 60. h4 Ke6 61. b5 Kf5 62. b6 Rc3+ 63. Kf2 Kg4 64.
b7 Rb3 65. Rxc2 Rxb7 66. Rc4 Rb2+ 67. Kg1 Kg3 68. Rc3+ Kxh4 69. Kh2 Kg4 1/2-1/2

[Event "*** Titled Tuesday 3|2 Blitz"]
[Site "Chess.com"]
[Date "2017.06.06"]
[Round "4"]
[White "ProfCalculus"]
[Black "Enzy63"]
[Result "1/2-1/2"]
[WhiteElo "2153"]
[BlackElo "2048"]
[TimeControl "180+2"]
[EndTime "14:41:02 PDT"]
[Termination "Game drawn by repetition"]

1. d4 Nf6 2. c4 g6 3. Nc3 Bg7 4. e4 d6 5. f4 O-O 6. Nf3 e5 7. dxe5 dxe5 8. Qxd8 Rxd8 9. Nxe5 Nxe4 10. Nxe4 Re8 11. Bd3 f6 12. O-O fxe5 13. fxe5 Bf5 14.
Nf6+ Bxf6 15. exf6 Be6 16. Bh6 Nd7 17. Rae1 Bf7 18.
Bg7 Rxe1 19. Rxe1 Re8 20. Rxe8+ Bxe8 21. Kf2 c6 22. Ke3 Kf7 23. Kd4 Nxf6 24. Bh6 Nd7 25. Bf4 Ke6 26. Be2 Kf5 27. Bc7 h5 28. b4 g5 29. a4 Nf6 30. Bd3+ Ke6 31. Bb8 a6 32. a5 c5+ 33. bxc5 Bc6 34. g3 Ng4 35. h3 Nf2 36.
Bf1 Kf5 37. Bd6 g4 38. h4 Nh3 39. Bd3+ Kf6 40. Ke3 Kg7 41. Be4 Ng1 42. Bf5 Nf3 43.
Bc8 Kf6 44. Kf4 Kg6 45. Bf5+ Kf6 46. Bd3 Ne1 47. Be5+ Ke6 48. Bg6 Ng2+ 49. Kg5 Kxe5 50. Bxh5 Ne3 51. Bxg4 Nxg4 52. Kxg4 Kf6 53. Kf4 Kg6 54. g4 Bd7 55. h5+ Kh6 56. Ke5 Kg5 57. Kd6 Bc6 58. Kc7 Bg2 59. Kb6 Bc6 60. Kc7 Kh6 61.
Kb6 Kg5 62. Kc7 Kh6 63. Kb6 Kg5 64. Kc7 Kh6 65. Kb6 Kg5 66. Kc7 1/2-1/2

[Event "*** Titled Tuesday 3|2 Blitz"]
[Site "Chess.com"]
[Date "2017.06.06"]
[Round "4"]
[White "jeaston1"]
[Black "metalbattler"]
[Result "1-0"]
[WhiteElo "2146"]
[BlackElo "2032"]
[TimeControl "180+2"]
[EndTime "14:41:08 PDT"]
[Termination "jeaston1 won by resignation"]

1. d4 d5 2. c4 c6 3. Nc3 Nf6 4.
e3 e6 5. Nf3 Nbd7 6. Be2 dxc4 7. a4 c5 8. O-O Be7 9. Bxc4 O-O 10. d5 Nb6 11. Ba2 Nbxd5 12. Nb5 a6 13. Na3 Bd7 14.
Bxd5 Nxd5 15. Nc4 Bc6 16. Nfe5 Nb4 17. Nxc6 Nxc6 18. Qf3 Qc7 19. b3 Bf6 20. Bb2 Bxb2 21.
Nxb2 Rad8 22. Rfc1 Nb4 23. Qe4 Qc6 24. Qc4 Rd2 25.
Rab1 Rfd8 26. Rd1 Rxd1+ 27. Rxd1 Rxd1+ 28. Nxd1 Qd5 29. Qxd5 exd5 30. Kf1 Kf8 31. Ke2 Ke7 32. Kd2 Kd6 33. Kc3 b5 34. axb5 axb5 35. f3 Nc6 36.
Nf2 Ne5 37. b4 Nc6 38. bxc5+ Kxc5 39. Nd3+ Kd6 40. f4 f6 41. g4 g6 42. h3 h6 43. h4 Ne7 44. Kb4 Kc6 45. Kc3 Kb6 46. Kd4 Ka5 47. Kc5 Ka4 48. Kd6 Nc8+ 49. Kxd5 b4 50. Ke6 b3 51. Nc5+ Kb4 52. Nxb3 Kxb3 53. Kxf6 Kc4 54. Kxg6 Kd3 55. Kxh6 Kxe3 56. f5 Kf4 57. f6 Nd6 58. g5 Kf5 59. Kg7 Ke6 60. h5 Kf5 61. h6 Kxg5 62. h7 Ne8+ 63. Kf7 Nd6+ 64. Ke6 Ne4 65. h8=Q Nxf6 66. Qxf6+ 1-0

[Event "*** Titled Tuesday 3|2 Blitz"]
[Site "Chess.com"]
[Date "2017.06.06"]
[Round "4"]
[White "swayamsm"]
[Black "kikydu96"]
[Result "1-0"]
[WhiteElo "2438"]
[BlackElo "2311"]
[TimeControl "180+2"]
[EndTime "14:41:10 PDT"]
[Termination "swayamsm won by resignation"]

1. e4 c5 2. Nf3 d6 3. c3 Nf6 4.
Bd3 Nc6 5. O-O Bg4 6. Bc2 Ne5 7. d4 Nxf3+ 8. gxf3 Bh3 9. Re1 e5 10. f4 Qc7 11. f5 O-O-O 12. Bg5 Be7 13. Qf3 Bg4 14. Qg2 Bh5 15. Na3 g6 16. Qh3 Rhg8 17. Kh1 Bg4 18. Qe3 gxf5 19. Bxf6 f4 20. Qd3 Bxf6 21. f3 Bh5 22. Rg1 Kb8 23. Rxg8 Rxg8 24. Rg1 Rxg1+ 25. Kxg1 Bh4 26. Bb3 Qe7 27. Qf1 Qg5+ 28. Kh1 cxd4 29. cxd4 exd4 30. Bc4 Qc5 31. Nc2 d3 32. Bxd3 Qe5 33.
b3 Qc3 34. Kg2 Qd2+ 35. Qe2 Qc1 36. Nd4 Bf6 37. Nf5 Be5 38. Ne7 Qc7 39. Nd5 Qd8 40. Qc2 Qg5+ 41. Kf2 Qh4+ 42. Kf1 Qh3+ 43. Ke1 Qc8 44. Qxc8+ Kxc8 45. Ke2 Kd7 46. Bb5+ Ke6 47. a4 f5 48. Bc4 fxe4 49. Nxf4+ Kf5 50. Nxh5 Kg5 51.
Ng3 exf3+ 52. Kxf3 Kh4 53. Be6 b6 54. Nf5+ Kg5 55. h4+ Kf6 56. Bc8 d5 57. Ne3 d4 58.
Ng4+ 1-0

[Event "*** Titled Tuesday 3|2 Blitz"]
[Site "Chess.com"]
[Date "2017.06.06"]
[Round "4"]
[White "Ilja_Semjonovs"]
[Black "Abrito99"]
[Result "0-1"]
[WhiteElo "2233"]
[BlackElo "2330"]
[TimeControl "180+2"]
[EndTime "14:41:12 PDT"]
[Termination "Abrito99 won by resignation"]

1. e4 e6 2. d4 d5 3. Nc3 Bb4 4.
exd5 exd5 5. Bd3 Nc6 6. a3 Ba5 7. Be3 Nge7 8. Ne2 Bf5 9. O-O Qd7 10. Ng3 Bg6 11. f4 Bxd3 12. Qxd3 Bxc3 13. bxc3 f5 14.
Rab1 Na5 15. Nh5 O-O 16. Bf2 c6 17. Bh4 Rae8 18. Bxe7 Rxe7 19. Rbe1 Qe8 20. Rxe7 Qxe7 21. h3 g6 22. Ng3 Nc4 23. Rf3 Qxa3 24. h4 h5 25.
Nxh5 gxh5 26. Rg3+ Kh8 27. Qf3 Qe7 28. Rg5 Qe1+ 29. Kh2 Qxh4+ 30. Kg1 Qe1+ 31. Kh2 Rf7 32. Rxh5+ Rh7 33. Rxh7+ Kxh7 34. Qh5+ Kg7 35. Qg5+ Kf7 36. Qxf5+ Ke8 37. Qc8+ Kf7 38. Qxb7+ Qe7 39. Qxc6 Qh4+ 40. Kg1 Ne3 41. Qd7+ Qe7 42. Qh3 Qe4 43. Qh5+ Qg6 44. Qf3 Qe4 45. Qh5+ Ke6 46. Qe8+ Kf5 47. Qh5+ Kxf4 48.
Qh4+ Ng4 49. g3+ Ke3 50. Qg5+ Ke2 51. Qf4 Qxf4 52. gxf4 Kf3 53. f5 Kf4 54. c4 dxc4 55. d5 Kxf5 56. d6 Ke6 57. Kf1 Kxd6 58. Ke2 Kd5 59.
Kd2 Kd4 60. c3+ Ke4 61. Kc2 Ne5 62. Kb2 a6 63. Ka3 Nc6 64. Ka4 Kd3 0-1

[Event "*** Titled Tuesday 3|2 Blitz"]
[Site "Chess.com"]
[Date "2017.06.06"]
[Round "4"]
[White "ChessQueen"]
[Black "GianmarcoVaR"]
[Result "0-1"]
[WhiteElo "2508"]
[BlackElo "2450"]
[TimeControl "180+2"]
[EndTime "14:41:16 PDT"]
[Termination "GianmarcoVaR won by resignation"]

1. e4 c6 2. d4 d5 3. e5 Bf5 4.
Nf3 e6 5. Be2 Ne7 6. O-O h6 7.
Nbd2 Nd7 8. Nb3 Bg6 9. Bd2 Nf5 10.
a4 Be7 11. a5 a6 12. g4 Nh4 13. Nxh4 Bxh4 14. f4 f5 15. exf6 Bxf6 16. Bb4 Be7 17. Qd2 O-O 18. Bxe7 Qxe7 19. Qe3 Bxc2 20. Nd2 Rae8 21.
Rf3 Qb4 22. Qc3 Qxc3 23. bxc3 g5 24. fxg5 hxg5 25. Ra2 Be4 26. Rxf8+ Kxf8 27. Rb2 Rb8 28. Nxe4 dxe4 29. Kf2 Ke7 30. Ke3 Kd6 31. Kxe4 Rh8 32. Bf3 Rh3 33. Ke3 Nf6 34. Rg2 Nd5+ 35. Kf2 Nf4 36.
Rg3 Rxh2+ 37. Kf1 Ra2 38. c4 Rxa5 39. Be4 Ra1+ 40. Kf2 Ra2+ 41. Kf1 Rb2 42. Ra3 e5 43.
dxe5+ Kxe5 44. Bf5 Kd4 45. Ra4 Ke3 46. Ra3+ Kd4 47. Ra4 c5 48. Bc8 Rb4 49. Ra1 Kxc4 50. Rc1+ Kd4 51. Rd1+ Nd3 52. Ke2 c4 53. Bf5 Rb2+ 54.
Kf3 b5 55. Ra1 Nb4 56. Rd1+ Ke5 57. Re1+ Kd5 58. Re8 Rb3+ 59. Ke2 Nd3 60. Rd8+ Ke5 61. Re8+ Kd4 62. Rd8+ Kc5 63. Rg8 a5 64. Rxg5 Kb4 65. Bd7 Nc5 66. Bf5 a4 67. Rg8 a3 68. Ra8 Na4 69. g5 a2 0-1

[Event "*** Titled Tuesday 3|2 Blitz"]
[Site "Chess.com"]
[Date "2017.06.06"]
[Round "4"]
[White "TenisMaster"]
[Black "Alexander_Moskalenko"]
[Result "1/2-1/2"]
[WhiteElo "2667"]
[BlackElo "2688"]
[TimeControl "180+2"]
[EndTime "14:41:17 PDT"]
[Termination "Game drawn - insufficient material"]

1. e4 c5 2. Nf3 d6 3. d4 cxd4 4.
Nxd4 Nf6 5. Nc3 a6 6. g3 g6 7. Bg2 Bg7 8. O-O O-O 9. Re1 Nc6 10. Nde2 Bd7 11. Nd5 b5 12. c3 Rc8 13. h3 Ne5 14. b3 Bc6 15. Be3 Bb7 16. Qd2 Re8 17. a4 e6 18. Nxf6+ Qxf6 19. Nd4 Qe7 20. axb5 axb5 21. Nxb5 Bf8 22. c4 f5 23. Bg5 Qd7 24.
Bf4 Nf7 25. Ra7 Qc6 26. Qa5 Ra8 27. Nd4 Rxa7 28. Nxc6 Rxa5 29. Nxa5 Bxe4 30. Bxe4 fxe4 31. Rxe4 e5 32. Bd2 Rd8 33. b4 d5 34. cxd5 Rxd5 35. Re2 e4 36. Kg2 Ne5 37. Bc3 Nd3 38. Rxe4 Kf7 39. Nc6 g5 40. h4 h6 41. hxg5 hxg5 42. Kf1 Rf5 43. Nd8+ Kg8 44. Ke2 Nxf2 45. Re8 Ng4 46. Ne6 Kf7 47. Rxf8+ Kxe6 48. Rxf5 Kxf5 49. b5 Ke6 50. Kf3 Nh2+ 51. Kg2 Ng4 52. Kf3 Nh2+ 53. Ke2 Kd5 54. b6 Kc6 55. Bd4 g4 56. Kd3 Nf3 57. Bf2 Nh2 58. Ke2 Kb7 59. Ke1 Kc6 60. Ke2 Kb7 61. Bd4 Nf3 62. Bc5 Ng5 63. Ke3 Ne6 64.
Bd4 Kc6 65. Ke4 Ng5+ 66. Kf4 Ne6+ 67. Ke5 Ng5 68. Kf5 Nf3 69. Bf2 Nh2 70. Ke6 Nf1 71. Kf5 Nxg3+ 72. Bxg3 Kxb6 73. Kxg4 1/2-1/2

[Event "*** Titled Tuesday 3|2 Blitz"]
[Site "Chess.com"]
[Date "2017.06.06"]
[Round "4"]
[White "GMNeiksans"]
[Black "johnathan113"]
[Result "1-0"]
[WhiteElo "2699"]
[BlackElo "2459"]
[TimeControl "180+2"]
[EndTime "14:41:18 PDT"]
[Termination "GMNeiksans won on time"]

1. e4 g6 2. d4 Nf6 3. e5 Nh5 4. Nf3 d6 5. Bc4 Nc6 6. O-O d5 7. Bb5 Bg4 8. h3 Bxf3 9. Qxf3 e6 10. Be3 Ng7 11. g4 h5 12. Kg2 hxg4 13. hxg4 Qh4 14. Qg3 Be7 15. Nd2 a6 16. Bxc6+ bxc6 17. Rh1 Qxg3+ 18. Kxg3 O-O-O 19. Nf3 Rdf8 20. Bg5 Kd8 21.
Bf6 Rhg8 22. Rh7 Ne8 23. g5 Kd7 24. Rd1 Bd8 25. Rd3 Be7 26. Kg2 c5 27. c3 c4 28.
Rd1 a5 29. b3 cxb3 30. axb3 Ba3 31. Rd2 Nxf6 32. gxf6 Rh8 33. Rxh8 Rxh8 34. Ra2 Bc1 35. Rxa5 Rb8 36. b4 Bb2 37. Rc5 Ra8 38. Ng5 Ra3 39.
Nxf7 Rxc3 40. Rxc3 Bxc3 41. b5 Bxd4 42. f4 Bc5 43. Kf3 Ke8 44. Ng5 Kd7 45. Nh7 Ke8 46. Kg4 Bb4 47. Ng5 Kd7 48. Nf3 Bc5 49. Ne1 Ke8 50. Nf3 Be3 51. Kg5 Kd7 52. Kxg6 1-0

[Event "*** Titled Tuesday 3|2 Blitz"]
[Site "Chess.com"]
[Date "2017.06.06"]
[Round "4"]
[White "MITerryble"]
[Black "robbykevlishvili"]
[Result "0-1"]
[WhiteElo "2647"]
[BlackElo "2104"]
[TimeControl "180+2"]
[EndTime "14:41:19 PDT"]
[Termination "robbykevlishvili won on time"]

1. d4 d5 2. Nf3 Nf6 3. c4 c6 4. e3 Bg4 5. Qb3 Qb6 6. Ne5 Bh5 7.
Nc3 e6 8. Bd3 Nfd7 9. Nxd7 Nxd7 10. O-O Bg6 11. Bxg6 hxg6 12. h3 Be7 13. Qc2 dxc4 14.
Ne4 Qa6 15. Bd2 O-O 16. a4 Rac8 17. Rfc1 c5 18. Qxc4 Qxc4 19. Rxc4 Nb6 20. Rxc5 Bxc5 21. Nxc5 Nc4 22. Bc3 b6 23. Nd3 Rfd8 24. Kf1 Nd6 25.
f3 f6 26. Ke2 Kf7 27. e4 Nc4 28. Rc1 Na5 29. Bxa5 Rxc1 30. Nxc1 bxa5 31. Kd3 Rb8 32. b3 Ke7 33. Kc3 Rc8+ 34. Kd2 Kd6 35. Nd3 e5 36.
dxe5+ fxe5 37. Nb2 Kc5 38. Kc3 Rd8 39. Nc4 Rd1 40.
Nxe5 Rc1+ 41. Kd2 Rg1 42. Nd3+ Kd4 43. Nf4 Rb1 44. Ne2+ Kc5 45. Kc3 Rf1 46. Nf4 Rc1+ 47. Kd2 Rb1 48. Kc3 Rc1+ 49. Kd2 Rb1 50. Kc2 Rg1 51.
h4 Kb4 52. e5 Kc5 53. Kd3 a6 54. g4 Rb1 55. Nxg6 Kd5 56. f4 Rxb3+ 57. Ke2 Rb4 58.
Kf3 Rxa4 59. f5 Rb4 60. e6 Kd6 61. h5 a4 62. h6 gxh6 63. e7 Rb8 64. f6 Ke6 65.
Ne5 a3 66. Nc6 Ra8 67. Nd8+ Kd7 68. Nc6 Ke8 69. Nb4 Kf7 70. Kf4 Kxf6 0-1

[Event "*** Titled Tuesday 3|2 Blitz"]
[Site "Chess.com"]
[Date "2017.06.06"]
[Round "4"]
[White "Fy_Rakotomaharo"]
[Black "saraswathii"]
[Result "0-1"]
[WhiteElo "2402"]
[BlackElo "2260"]
[TimeControl "180+2"]
[EndTime "14:41:22 PDT"]
[Termination "saraswathii won by checkmate"]

1. d4 d5 2. c4 c6 3. Nc3 Nf6 4. e3 Bf5 5. Nf3 e6 6. Nh4 Bg6 7. Be2 Nbd7 8. Qb3 Qc7 9. Bd2 Be7 10.
Rc1 Rc8 11. h3 O-O 12. Nxg6 hxg6 13. O-O a6 14. a4 Rfd8 15. Rfd1 Nf8 16. a5 Rb8 17.
Na4 e5 18. cxd5 Nxd5 19. e4 Nf6 20. Bc4 Bd6 21. f4 exf4 22. e5 Bxe5 23. dxe5 Qxe5 24. Bxf7+ Kh7 25. Nb6 Ne4 26. Be1 Ng5 27. h4 Ne4 28. Kh1 Rd6 29. Qf3 Rbd8 30. Rxd6 Nxd6 31. Bb3 Nf5 32.
Bf2 Rd2 33. Re1 Qxb2 34. Bc5 Nxh4 35. Qh3 g5 36. Rg1 f3 37. gxf3 Ng6 38. Be3 Re2 39.
Bxg5 Qd4 40. Bxh4 Nxh4 41. Bd1 Rd2 42. Bb3 g6 43. Bf7 Kg7 44. Be6 Qf4 45. Rg4 Rd1+ 46. Rg1 Rxg1+ 47. Kxg1 Nxf3+ 48. Kh1 Qc1+ 49. Kg2 Ne1+ 50.
Kh2 Qd2+ 51. Kh1 Qf2 52. Nc4 Nf3 53. Qg4 Qh2# 0-1